 Dungeon Crawl Stone Soup version 0.25-a0-743-g84dc20635f (webtiles) character file.

Game seed: 9435535787569501913, levelgen mode: deterministic

165 Chiseanne the Magician (level 5, 35/35 HPs)
             Began as a Demonspawn Wizard on Apr 13, 2020.
             Quit the game on level 3 of the Dungeon.
             The game lasted 00:06:43 (2988 turns).

Chiseanne the Magician (Demonspawn Wizard)          Turns: 2988, Time: 00:06:43

Health: 35/35      AC:  5    Str:  7    XL:     5   Next: 21%
Magic:  7/11       EV: 14    Int: 20    God:
Gold:   111        SH:  0    Dex: 12    Spells: 6/12 levels left

rFire    . . .     SeeInvis .   a - +0 short sword (venom)
rCold    . . .     Gourm    .   (no shield)
rNeg     . . .     Faith    .   i - +0 robe
rPois    .         Spirit   .   v - +2 helmet
rElec    .         Reflect  .   (no cloak)
rCorr    .         Harm     .   (no gloves)
MR       .....                  (no boots)
Stlth    ++........             (no amulet)
HPRegen  0.11/turn              (no ring)
MPRegen  0.12/turn              (no ring)

@: no status effects
A: talons 1, repulsion field 1, rot immunity
a: no special abilities


You were on level 3 of the Dungeon.
You were not hungry.

You visited 1 branch of the dungeon, and saw 3 of its levels.

You collected 111 gold pieces.

Inventory:

Hand Weapons
 a - a +0 short sword of venom (weapon)
 j - a +0 hand axe of draining
 q - a +2 short sword of holy wrath
 t - a cursed -2 short sword
Missiles
 c - 87 stones (quivered)
 l - 29 arrows
 m - 27 bolts
 n - 9 poisoned darts
Armour
 g - a +1 buckler
 i - a +0 robe (worn)
 v - a +2 helmet (worn)
Jewellery
 e - an uncursed ring of ice {unknown}
 r - an uncursed amulet of magic regeneration {unknown}
Wands
 u - a wand of digging (1)
Scrolls
 f - 2 scrolls of magic mapping
 x - a scroll of immolation {unknown}
Potions
 b - a potion of haste {unknown}
 h - 2 potions of heal wounds {unknown}
 k - a potion of brilliance
 o - a potion of lignification {unknown}
 p - a potion of berserk rage {unknown}
 s - a potion of curing {unknown}
Comestibles
 d - 2 rations
 w - 4 chunks of flesh


   Skills:
 - Level 1.7 Dodging
 - Level 1.7 Stealth
 * Level 1.0 Shields
 * Level 4.3 Spellcasting
 * Level 3.4 Conjurations
   Level 1.0 Summonings
 - Level 0.8 Translocations


You had 6 spell levels left.
You knew the following spells:

 Your Spells              Type           Power        Failure   Level  Hunger
a - Magic Dart            Conj           ###.         3%          1    None
b - Blink                 Tloc           N/A          13%         2    #......
d - Mephitic Cloud        Conj/Pois/Air  #.......     22%         3    ###....

Your spell library contained the following spells:

 Spells                   Type           Power        Failure   Level  Hunger
 Call Imp                 Summ           #.......     12%         2    #......
 Slow                     Hex            #.......     19%         2    #......
 Conjure Flame            Conj/Fire      ##......     19%         3    ###....


Dungeon Overview and Level Annotations

Branches:
Dungeon (3/15)

Altars:


Innate Abilities, Weirdness & Mutations

You have sharp toenails.
You are surrounded by a mild repulsion field. (EV +2)
You are immune to rotting.


Message History

The adder is heavily wounded.
Casting: Magic Dart (safe; 3% risk of failure)
Confirm with . or Enter, or press ? or * to list all spells.
Aiming: Magic Dart (safe; 3% risk of failure)
Press: ? - help, Shift-Dir - straight line, f/p - adder
Aim: an adder (heavily wounded)
The magic dart hits the adder.
The adder is almost dead.
Casting: Magic Dart (safe; 3% risk of failure)
Confirm with . or Enter, or press ? or * to list all spells.
Aiming: Magic Dart (safe; 3% risk of failure)
Press: ? - help, Shift-Dir - straight line, f/p - adder
Aim: an adder (almost dead)
The magic dart hits the adder.
You kill the adder!
Your Shields skill increases to level 1!
Unknown command.
Found a scroll of identify and 18 stones.
d - 2 rations (gained 1) Are you sure you want to abandon this character and quit the game? (Confirm with "yes".)

.# ##..... #.###.....
#..#...#.####
#...........#
#.#.#.......# ##
#.#.#..#.#..#
...####.#.#....#..#
............>#.#..#
#.....÷.....#.#@.#
....###.#.####...#...#
## #.#.# #.##.##.#
#.###.#.# #.# .# #
#...÷...# #.# .#
#.###..#####.##?#
#..÷........#
##.#####.##.( . #.# #.


There were no monsters in sight!

Vanquished Creatures
  Robin (D:2)
  5 adders
  3 gnolls (D:3)
  A worm (D:3)
  A dart slug (D:1)
  2 leopard geckos
  4 giant cockroaches
  17 goblins
  11 hobgoblins
  A quokka (D:2)
  2 ball pythons
  9 bats
  A frilled lizard (D:1)
  6 kobolds
  7 rats
71 creatures vanquished.

Notes
Turn   | Place    | Note
-------+----------+-------------------------------------------
     0 | D:1      | Chiseanne the Demonspawn Wizard began the quest for the
                  | Orb.
     0 | D:1      | Reached XP level 1. HP: 13/13 MP: 4/4
   397 | D:1      | Gained mutation: You are surrounded by a mild repulsion
                  | field. (EV +2) [demonic ancestry]
   397 | D:1      | Reached XP level 2. HP: 19/19 MP: 1/6
   984 | D:1      | Gained mutation: You have sharp toenails. [demonic
                  | ancestry]
   984 | D:1      | Reached XP level 3. HP: 13/24 MP: 0/8
   993 | D:1      | HP: 1/24 [dart slug/slug dart (4)]
  1897 | D:2      | Reached XP level 4. HP: 30/30 MP: 5/9
  1950 | D:2      | Learned a level 2 spell: Blink
  1954 | D:2      | Learned a level 3 spell: Mephitic Cloud
  1958 | D:2      | Reached skill level 4 in Spellcasting
  2128 | D:2      | Noticed Robin
  2136 | D:2      | Killed Robin
  2850 | D:3      | Gained mutation: You are immune to rotting. [demonic
                  | ancestry]
  2850 | D:3      | Reached XP level 5. HP: 35/35 MP: 6/11
  2985 | D:3      | Reached skill level 1 in Shields
  2988 | D:3      | Quit the game

Levels and vault maps discovered:
D:1:      lemuel_arrival_cross, layout_rooms, minmay_heptomino_o4
D:2:      layout_loops_ring, uniq_robin
D:3:      layout_loops_ring, kennysheep_generic_room_9

Skill      XL: |  1  2  3  4  5 |
---------------+----------------+-----
Conjurations   | 2 3 |  3.4
Spellcasting   | 4 |  4.3
Shields        | 1 |  1.0
Dodging        | |  1.7
Stealth        | |  1.7
Summonings     | |  1.0
Translocations | |  0.8

Action                   |  1- 3 |  4- 6 || total
-------------------------+-------+-------++-------
Melee: Unarmed           |     8 |       ||     8
       Dagger            |    26 |       ||    26
       Short sword       |     6 |    12 ||    18
       Kick              |     1 |     2 ||     3
 Cast: Magic Dart        |    97 |    61 ||   158
       Mephitic Cloud    |       |     1 ||     1
  Use: Scroll            |     1 |     6 ||     7
  Eat: Chunk             |     3 |     3 ||     6
Armor: Robe              |    11 |     1 ||    12
Dodge: Dodged            |    31 |     8 ||    39

Table legend:
 A = Non-vault XP
 B = Vault XP
 C = Vault XP percentage of total XP
 D = Non-vault monster count
 E = Vault monster count
 F = Vault count percentage of total count
                 A         B        C        D         E       F
            +---------+---------+-------+---------+---------+-------
      Total |     193 |      43 |  18.2 |      56 |      15 |  21.1
            +---------+---------+-------+---------+---------+-------
        D:1 |      41 |       8 |  16.3 |      26 |       4 |  13.3
        D:2 |      72 |      35 |  32.7 |      21 |      11 |  34.4
        D:3 |      80 |       0 |   0.0 |       9 |       0 |   0.0
            +---------+---------+-------+---------+---------+-------
